 Dungeon Crawl Stone Soup version bcrawl-1.36 (webtiles) character file.

Game seed: 5669016528157789331

123991 Morbidden the Sneak (level 4, -2/27 HPs)
             Began as a Vine Stalker Archaeologist on Apr 30, 2022.
             Slain by an orc
             ... wielding a +0 short sword
              (4 damage)
             ... on level 3 of the Dungeon.
             The game lasted 00:04:16 (2281 turns).

Morbidden the Sneak (Vine Stalker Archaeologist)    Turns: 2281, Time: 00:04:17

Health: -2/27      AC:  6    Str: 14    XL:     4   Next: 78%
Magic:  5/5        EV: 14    Int: 15    God:
Gold:   194        SH:  0    Dex: 15    Spells: 3/3 levels left

rFire    . . .     SeeInvis .   a - +0 dagger
rCold    . . .     Gourm    .   (no shield)
rNeg     . . .     Faith    .   c - +1 robe
rPois    .         Spirit   .   d - +1 hat
rElec    .         Reflect  .   (no cloak)
rCorr    .                      (no gloves)
MR       +....                  n - +1 pair of boots
Stlth    +++.......             (no amulet)
HPRegen  0.49/turn              t - ring of protection from magic (curse)
MPRegen  0.09/turn              m - +3 ring of dexterity

@: starving
A: fangs 2, regeneration 1, no potion heal 3, rot immunity, strong jaws
a: no special abilities


You were on level 3 of the Dungeon.
You were starving.

You visited 1 branch of the dungeon, and saw 3 of its levels.

You collected 194 gold pieces.

Inventory:

Hand Weapons
 a - a +0 dagger (weapon)
 b - a +0 blowgun
Missiles
 f - 6 curare-tipped needles
 o - 2 poisoned needles
Armour
 c - a +1 robe (worn)
 d - a +1 hat (worn)
 n - a +1 pair of boots (worn)
Jewellery
 m - a +3 ring of dexterity (right hand)
 t - a cursed ring of protection from magic (left hand)
Wands
 x - a wand of random effects (7)
Scrolls
 g - 4 scrolls of magic mapping
 i - a scroll of identify
 p - a scroll of enchant weapon {unknown}
 r - a scroll of fog {unknown}
 s - a scroll of teleportation {unknown}
 v - a scroll of amnesia {unknown}
 w - a scroll of immolation {unknown}
 y - 4 scrolls of remove curse {unknown}
Potions
 j - a potion of might {unknown}
 k - 2 potions of resistance {unknown}
 l - 3 potions of curing {unknown}
 q - a potion of flight {unknown}
 u - 2 potions of degeneration {unknown}
Miscellaneous
 h - a dusty tome
Comestibles
 e - 6 rations {!d}


   Skills:
 + Level 2.6 Fighting
 + Level 1.3 Short Blades
   Level 0.8 Maces & Flails
 + Level 4.1 Dodging
 + Level 5.0 Stealth


You had 3 spell levels left.
You didn't know any spells.
Your spell library was empty.

Dungeon Overview and Level Annotations

Branches:
Dungeon (3/12)

Altars:


Innate Abilities, Weirdness & Mutations

You have extremely sharp teeth.
Your natural rate of healing is unusually fast.
Potions cannot restore your health.
You are immune to rotting.
Your bites deal extra damage.


Message History

No path to travel!
You hit the hobgoblin but do no damage. The orc misses you.
The orc completely misses you. The hobgoblin closely misses you.
No path to travel!
You closely miss the hobgoblin. The orc closely misses you. x2
No path to travel!
You hit the hobgoblin but do no damage. The hobgoblin hits you with a +0 club.
* * * LOW HITPOINT WARNING * * *
The orc closely misses you. x2
You hit the hobgoblin.
The hobgoblin is lightly wounded.
The hobgoblin hits you but does no damage.
The orc hits you but does no damage. The orc closely misses you.
No path to travel!
You hit the hobgoblin but do no damage.
The hobgoblin is lightly wounded.
The orc closely misses you.
The hobgoblin hits you but does no damage.
The orc hits you with a +0 short sword.
You die...

###..#.#####.#..
........<....... #
........####.#.#### ..
...................
...##.##..####.#.#.#
#.##.##...........
........####....# #
..#.##o##.####....#.##
....hho@gK...+........
..#.#######.##.)......
. ..........$.....##
..................
.#..###.#.....#.## ...
...+......... .#
##..#.........
#..#..>......
.............


You could see 2 orcs, 2 jackals, a hobgoblin and a kobold.

Vanquished Creatures
  2 oozes
  4 worms (D:2)
  A dart slug (D:2)
  5 leopard geckos
  2 orcs
  3 giant cockroaches
  5 goblins
  8 hobgoblins
  9 jackals
  A quokka (D:2)
  8 bats
  3 frilled lizards
  5 kobolds
  16 rats
72 creatures vanquished.

Notes
Turn   | Place    | Note
-------+----------+-------------------------------------------
     0 | D:1      | Morbidden the Vine Stalker Archaeologist began the quest
                  | for the Orb.
     0 | D:1      | Reached XP level 1. HP: 11/11 MP: 2/2
   259 | D:1      | Reached XP level 2. HP: 16/16 MP: 3/3
   394 | D:1      | Reached skill level 1 in Fighting
   466 | D:1      | Reached XP level 3. HP: 20/20 MP: 4/4
  1352 | D:2      | Reached XP level 4. HP: 21/26 MP: 5/5
  1450 | D:2      | Reached skill level 1 in Short Blades
  2250 | D:3      | Reached skill level 5 in Stealth
  2279 | D:3      | HP: 1/27 [hobgoblin/+0 club (2)]
  2281 | D:3      | Slain by an orc

Skill      XL: |  1  2  3  4 |
---------------+-------------+-----
Fighting       | 1 2 |  2.6
Short Blades   | 1 |  1.3
Dodging        | 4 |  4.1
Stealth        | 5 |  5.0
Maces & Flails | |  0.8

Action                   |  1- 3 |  4- 6 || total
-------------------------+-------+-------++-------
Melee: Dagger            |   111 |   124 ||   235
       Whip              |     5 |       ||     5
       Bite              |    11 |    15 ||    26
 Fire: Blowgun           |    78 |       ||    78
  Use: Scroll            |       |     2 ||     2
 Stab: Sleeping          |     1 |     9 ||    10
  Eat: Chunk             |     6 |     4 ||    10
Armor: Robe              |    40 |    36 ||    76
Dodge: Dodged            |   111 |   100 ||   211
